 Dungeon Crawl Stone Soup version 0.22-a0-348-gd16d139 (webtiles) character file.

189 Amnesiac the Sneak (level 5, -4/25 HPs)
             Began as a Spriggan Assassin on Apr 9, 2018.
             Killed by divine providence
             ... invoked by an orc priest
              (13 damage)
             ... on level 3 of the Dungeon.
             The game lasted 00:05:24 (2410 turns).

Amnesiac the Sneak (Spriggan Assassin)              Turns: 2410, Time: 00:05:25

Health: -4/25      AC:  3    Str:  7    XL:     5   Next: 40%
Magic:  6/6        EV: 16    Int: 12    God:
Gold:   141        SH:  5    Dex: 19    Spells: 4/4 levels left

rFire    . . .     SeeInvis +   a - +0 dagger (venom)
rCold    . . .     Gourm    .   l - +0 buckler
rNeg     . . .     Faith    .   c - +0 robe
rPois    .         Spirit   .   (helmet restricted)
rElec    .         Reflect  .   d - +0 cloak
rCorr    .         Harm     .   (gloves unavailable)
MR       .....                  (boots unavailable)
Stlth    +++.......             (no amulet)
HPRegen  0.08/turn              (no ring)
MPRegen  0.10/turn              (no ring)

@: drained, very quick
A: very small, unfitting armour, see invisible, herbivore, speed 3, slow
metabolism 2
a: no special abilities


You were on level 3 of the Dungeon.
You were not hungry.

You visited 1 branch of the dungeon, and saw 3 of its levels.

You collected 141 gold pieces.

Inventory:

Hand Weapons
 a - a +0 dagger of venom (weapon)
 b - a +0 blowgun
Missiles
 e - 4 poisoned needles
 o - 19 stones (quivered)
Armour
 c - a +0 robe (worn)
 d - a +0 cloak (worn)
 l - a +0 buckler (worn)
Scrolls
 h - 2 scrolls of teleportation {!r, unknown}
 m - a scroll of amnesia {!r, unknown}
 p - 4 scrolls of identify {!r, unknown}
 s - a scroll of enchant weapon {!r, unknown}
 x - a scroll of remove curse {!r, unknown}
Potions
 i - a potion of haste {!q, unknown}
 j - a potion of cancellation {!q, unknown}
 k - 2 potions of curing {!q}
 n - 2 potions of lignification {!q, unknown}
 q - 3 potions of brilliance {!q, unknown}
 r - 2 potions of agility {!q, unknown}
 t - a potion of mutation {!q, unknown}
 u - a potion of flight {!q, unknown}
 v - a potion of heal wounds {!q, unknown}
 w - a potion of resistance {!q, unknown}
Comestibles
 g - 6 rations


   Skills:
 - Level 1.5(1.3) Fighting
 + Level 4.0(3.8) Short Blades
 * Level 4.7(4.4) Throwing
 - Level 1.5(1.3) Dodging
 - Level 6.0(5.7) Stealth


You had 4 spell levels left.
You didn't know any spells.

Dungeon Overview and Level Annotations

Branches:
Dungeon (3/15)

Altars:


Innate Abilities, Weirdness & Mutations

You are very small and have problems with some larger weapons.
You are too small for most types of armour.
You have supernaturally acute eyesight. (SInv)
You are a herbivore.
You cover ground extremely quickly.
You need to consume almost no food.


Message History

The orc priest looks encouraged for a moment.
You hit the orc but do no damage.
The orc looks as sick as possible!
The orc is heavily wounded.
The orc hits you with a club.
Your +0 dagger of venom stops dripping with poison.
b - a +0 blowgun (weapon)
You kill the orc!
Quiver which item? (- for none, * to show all) (? for menu, Esc to quit)
Quivering
f - 2 curare-tipped needles for blowguns.
Firing (i - inventory. (/) - cycle)
f - 2 curare-tipped needles (quivered)
Press: ? - help, Shift-Dir - straight line, f - orc priest
Aim: an orc priest, wielding a flail of draining You shoot a curare-tipped needle.
The curare-tipped needle barely misses the orc priest.
The orc shouts!
Unknown command.
Firing (i - inventory. (/) - cycle)
f - a curare-tipped needle (quivered)
Press: ? - help, Shift-Dir - straight line, f/p - orc priest
Aim: an orc priest, wielding a flail of draining You shoot a curare-tipped needle.
The curare-tipped needle barely misses the orc priest.
The curare-tipped needle hits the orc.
The orc is poisoned.
The orc convulses.
You kill the orc!
The orc priest completely misses you.
Firing (i - inventory. (/) - cycle)
e - 7 poisoned needles (quivered)
Press: ? - help, Shift-Dir - straight line, f/p - orc priest
Aim: an orc priest, wielding a flail of draining You shoot a poisoned needle.
The poisoned needle hits the orc priest.
The orc priest is poisoned.
Firing (i - inventory. (/) - cycle)
e - 6 poisoned needles (quivered)
Press: ? - help, Shift-Dir - straight line, f/p - orc priest
Aim: an orc priest, wielding a flail of draining (poisoned)
You shoot a poisoned needle.
The poisoned needle hits the orc priest.
The orc priest looks even sicker.
You block the orc priest's attack.
Firing (i - inventory. (/) - cycle)
e - 5 poisoned needles (quivered)
Press: ? - help, Shift-Dir - straight line, f/p - orc priest
Aim: an orc priest, wielding a flail of draining (lightly wounded, poisoned)
You shoot a poisoned needle.
The poisoned needle hits the orc priest.
The orc priest looks even sicker.
The orc priest is lightly wounded.
The orc priest hits you but does no damage.
You feel drained.
Your +0 dagger of venom begins to drip with poison!
a - a +0 dagger of venom (weapon)
You hit the orc priest.
The orc priest is lightly wounded.
The orc priest calls down the wrath of Beogh upon you.
Beogh smites you!
Ouch! That really hurt!
* * * LOW HITPOINT WARNING * * *
Unknown command.
You barely miss the orc priest.
The orc priest is lightly wounded.
You block the orc priest's attack.
Unknown command.
Really quaff
k - 3 bubbling black potions {!q}?
It was a potion of curing {!q}.
You feel better.
The orc priest calls down the wrath of Beogh upon you.
Beogh smites you!
Ouch! That really hurt!
You die...

### #..# .. #####..# .######
##.#.#.#.#..# .......
###............## (...# .#.
#.##+##.#...# .##.#
#.#...#...#....## .##
##.#.#.+...+.#.## .##.######
#>.....#...#...# .........#
#@.###.##'##.#.#
......o..#######o.#...........#
.##.###..o...o.†(...#.#.#(#.#.#
.# ##########.#....###.....# .
#.#.#.## ####### .# ##.#.#.#
#......# #.(##### ####


You could see an orc priest.

Vanquished Creatures
  Jessica (D:3)
  Terence (D:2)
  An adder (D:2)
  A gnoll (D:1)
  3 oozes
  An adder zombie (D:2)
  A worm (D:3)
  4 dart slugs
  3 leopard geckos
  3 orcs (D:3)
  2 ball pythons
  3 giant cockroaches
  12 goblins
  10 hobgoblins
  6 jackals
  6 kobolds
  A quokka (D:2)
  12 bats
  5 frilled lizards
  9 rats
85 creatures vanquished.

Notes
Turn   | Place    | Note
-------+----------+-------------------------------------------
     0 | D:1      | Amnesiac the Spriggan Assassin began the quest for the Orb.
     0 | D:1      | Reached XP level 1. HP: 10/10 MP: 2/2
    10 | D:1      | Reached skill level 6 in Stealth
    91 | D:1      | Reached XP level 2. HP: 14/14 MP: 3/3
   427 | D:1      | Reached XP level 3. HP: 16/18 MP: 4/4
   997 | D:2      | Found a faded altar of an unknown god.
  1395 | D:2      | Reached XP level 4. HP: 14/22 MP: 5/5
  1626 | D:2      | Noticed Terence
  1633 | D:2      | Killed Terence
  1830 | D:3      | Noticed Jessica
  1840 | D:3      | Killed Jessica
  1840 | D:3      | Reached XP level 5. HP: 25/25 MP: 6/6
  2410 | D:3      | Killed from afar by an orc priest

Vault maps used:
D:1:      nicolae_arrival_memento_mori
D:2:      chequers_ecumenical_altar_island, uniq_terence
D:3:      gammafunk_temple_overflow_pools, first_ration, minmay_misc_feat_doors,
          uniq_jessica

Skill      XL: |  1  2  3  4  5 |
---------------+----------------+-----
Stealth        | 6 |  6.0
Short Blades   | 3 4 |  4.0
Throwing       | 3 4 |  4.7
Fighting       | |  1.5
Dodging        | |  1.5

Action                   |  1- 3 |  4- 6 || total
-------------------------+-------+-------++-------
Melee: Dagger            |   124 |   113 ||   237
 Fire: Blowgun           |     6 |     5 ||    11
  Use: Potion            |       |     1 ||     1
 Stab: Sleeping          |    11 |    15 ||    26
Armor: Robe              |    18 |    13 ||    31
Dodge: Dodged            |    84 |    51 ||   135
Block: Buckler           |     4 |    23 ||    27

Table legend:
 A = Spawn XP
 B = Non-spawn XP
 C = Spawn XP percentage of total XP
 D = Spawn monster count
 E = Non-spawn monster count
 F = Spawn count percentage of total count
 G = Total turns spent on level
                    A         B        C        D         E        F      G
               +---------+---------+-------+---------+---------+-------+---------
         Total |       0 |     271 |   0.0 |       0 |      85 |   0.0 |  2410
               +---------+---------+-------+---------+---------+-------+---------
           D:1 |       0 |      68 |   0.0 |       0 |      30 |   0.0 |  1073
           D:2 |       0 |     111 |   0.0 |       0 |      28 |   0.0 |   870
           D:3 |       0 |      92 |   0.0 |       0 |      27 |   0.0 |   467
               +---------+---------+-------+---------+---------+-------+---------
